 Dungeon Crawl Stone Soup version 0.31-a0-986-g5e6e4ef867 (webtiles) character file.

Game seed: 11169768236810403785

34 lunkers the Insei (level 3, -2/28 HPs)
             Began as a Meteoran Shapeshifter on Nov 8, 2023.
             Slain by a gnoll
             ... wielding a +0 spear
              (5 damage)
             ... on level 2 of the Dungeon.
             The game lasted 00:00:40 (450 turns).

lunkers the Insei (Meteoran Shapeshifter)            Turns: 450, Time: 00:00:40

Health: -2/28      AC:  2    Str: 15    XL:     3   Next: 73%
Magic:  4/4        EV: 12    Int: 12    God:
Gold:   87         SH:  0    Dex: 15    Spells: 2/2 levels left

rFire   . .          .
                       - Unarmed
rCold   . . .        (no shield)
rNeg    . . .        a - +0 animal skin
rPois   .            (helmet currently unavailable)
rElec   .            (cloak currently unavailable)
rCorr   .            (gloves currently unavailable)
SInv    .            (boots currently unavailable)
Will    .....        (no amulet)
Stlth   +            (no ring)
HPRegen 0.24/turn    (no ring)
MPRegen 0.09/turn

%: no passive effects
@: beast-form, glowing
A: beast (slay +2), sense surroundings 1, otherworldly, glowing, explore regen
a: Begin Untransformation


You were on level 2 of the Dungeon.
You were a hulking beast.
You visited 1 branch of the dungeon, and saw 2 of its levels.

You collected 87 gold pieces.

Inventory:

Armour
 a - a +0 animal skin (worn)
Talismans
 c - a beast talisman
 d - a flux talisman
Scrolls
 e - a scroll of blinking {unknown}
 f - a scroll of teleportation {unknown}
Potions
 b - a potion of lignification
 g - a potion of heal wounds {unknown}
 h - a potion of resistance {unknown}


   Skills:
 - Level 1.1 Fighting
 - Level 2.1 Dodging
 * Level 4.7 Unarmed Combat
 + Level 4.1 Shapeshifting


You had 2 spell levels left.
You didn't know any spells.
Your spell library was empty.

Dungeon Overview and Level Annotations

Branches:
Dungeon (2/15) Zot: 753

Altars:

Annotations:
D:1 2 transporters


Innate Abilities, Weirdness & Mutations

You are a hulking beast.
Your limbs bulge with bestial killing power. (Slay +2)
You passively map a small area around you.
You are easily found by Zot.
You glow in the dark.
You regain HP and MP as you explore.


Message History

The gnoll throws a throwing net.
The throwing net hits you.
You become entangled in the net!
Unknown command.
You struggle against the net.
The gnoll hits you from afar with a +0 spear.
* * * LOW HITPOINT WARNING * * *
You struggle against the net.
The gnoll hits you from afar with a +0 spear.
* * * LOW HITPOINT WARNING * * *
Okay, then.
You shred the net and break free! The gnoll misses you.
Unknown command.
The gnoll hits you with a +0 spear.
* * * LOW HITPOINT WARNING * * *
You see here a +4 spear.
You hit the gnoll.
The gnoll is moderately wounded.
The gnoll hits you with a +0 spear.
* * * LOW HITPOINT WARNING * * *
You hit the gnoll but do no damage.
The gnoll is moderately wounded.
The gnoll closely misses you.
Unknown command.
You punch the gnoll!
The gnoll is almost dead.
You hear a shout! x2
A gnoll comes into view. It is wielding a +0 spear.
Unknown command.
You hit the gnoll.
The gnoll is lightly wounded.
Unknown command.
You barely miss the gnoll.
The gnoll is lightly wounded.
The gnoll closely misses you.
Unknown command.
Okay, then.
You hit the gnoll. Your punch misses the gnoll.
The gnoll is moderately wounded.
The gnoll hits you with a +0 spear.
You die...

#........#.###†###
##........#.#.†...##
#........('.#......#
#.........#.#......#
#.†.......###......#
#.######### ###....#
#....# #.# ####.#
#....# #.########.##
#....# #.h.........#
#<...# #g###########
###### #.g.# , ,*
###g# * * g# ,,, *
*, ,, , , . , ,,, ,,
, ** * #., * , .. ,
, * , .#


You could see a gnoll.

Vanquished Creatures
  A gnoll (D:2)
  An adder (D:2)
  A dart slug (D:1)
  An endoplasm (D:2)
  2 giant cockroaches (D:1)
  A hobgoblin (D:2)
  A quokka (D:1)
  2 bats (D:1)
  2 frilled lizards (D:1)
  A goblin (D:1)
  A kobold (D:1)
  A rat (D:2)
15 creatures vanquished.

Notes
Turn   | Place    | Note
-------+----------+-------------------------------------------
     0 | D:1      | lunkers the Meteoran Shapeshifter began the quest for the
                  | Orb.
     0 | D:1      | Reached XP level 1. HP: 16/16 MP: 2/2
   156 | D:1      | Reached XP level 2. HP: 23/23 MP: 3/3
   388 | D:2      | Reached XP level 3. HP: 20/28 MP: 4/4
   450 | D:2      | Slain by a gnoll

Illustrated notes

Levels and vault maps discovered:
D:1:      spicycebolla_arrival_transporter_tutorial, layout_loops_ring
D:2:      layout_basic, shapermc_ecumenical_altar_ellora

Skill      XL: |  1  2 |
---------------+-------+-----
Unarmed Combat | 4 |  4.7
Shapeshifting  | 4 |  4.1
Fighting       | |  1.1
Dodging        | |  2.1

Action                     || total
---------------------------++-------
  Melee: Unarmed           ||    48
         Punch             ||     1
 Armour: Animal skin       ||    31
  Dodge: Dodged            ||    25

Table legend: (Time is in decaauts)
 A = Elapsed time spent in this place.
 B = Non-inter-level travel time spent in this place.
 C = Inter-level travel time spent in this place.
 D = Time resting spent in this place.
 E = Time spent auto-exploring this place.
 F = Levels seen in this place.
 G = Mean time per level.
                   A        B        C        D        E       F      G
               +--------+--------+--------+--------+--------+-----+--------+
         Total |    446 |    403 |     43 |      0 |    305 |   2 |  223.0 |
       Dungeon |    446 |    403 |     43 |      0 |    305 |   2 |  223.0 |
               +--------+--------+--------+--------+--------+-----+--------+

Top non-repeatable levels by time:
     D:1: 376 daAuts
     D:2: 69 daAuts
